AoeStats
← THL

MegaRandom

506341666Analyzed
1v1 RM · 19d ago on Sep 13, 2026· 42m 2s· 2 players
Game mode
Random Map
Map size
Tiny (2 player)
Population
200
Speed
Normal
Resources
Standard
Victory
Conquest
Starting age
Dark Age
Ending age
Imperial Age
RankedLock teamsTeams togetherTeam positionsShared explorationLock speedFull tech treeHidden civsTurbo modeCheats
Victory
Defeat
🇻🇳 Maya · Vietnam
1825
+15
🇨🇳 Mapuche · China
1804
-15
monkeyxmy
9:55 Loom
11:55 Feudal Age
12:45 Double-Bit Axe
13:12 Horse Collar
13:58 Fishing Lines
14:31 Fletching
19:47 Castle Age
19:20 Padded Archer Armor
19:54 Elite Skirmisher
20:30 Bodkin Arrow
22:15 Wheelbarrow
22:36 Leather Archer Armor
23:25 Bow Saw
23:53 Gold Mining
25:08 Ballistics
29:53 Heavy Plow
34:42 Imperial Age
32:10 Town Watch
34:33 Hand Cart
35:08 Forging
35:55 Ring Archer Armor
36:33 Conscription
36:16 Malon
36:48 Conscription
40:33 Chemistry
39:44 Masonry
40:25 Scale Mail Armor
40:12 Champi Runner
41:38 Chain Mail Armor
41:06 Champi Warrior
41:44 Capped Ram
THL
0:31 Loom
9:57 Feudal Age
10:52 Double-Bit Axe
14:11 Fletching
14:46 Horse Collar
20:07 Castle Age
18:13 Padded Archer Armor
18:23 Gold Mining
20:11 Crossbowman
20:50 Bodkin Arrow
21:06 Bow Saw
23:50 Ballistics
33:48 Imperial Age
33:05 Wheelbarrow
34:06 Hand Cart
33:53 Arbalester
35:53 Chemistry
35:16 Bracer
36:38 Eagle Warrior
37:19 Squires
37:20 Scale Mail Armor
37:31 Forging
38:28 Chain Mail Armor
37:34 Elite Eagle Warrior
40:17 Plate Mail Armor
40:31 Holcans
41:16 Iron Casting
43:17 Blast Furnace
Connection lost

Rejoining the realm…

Still unreachable

The connection could not be restored.

Session expired

The server has moved on; the page needs a fresh start.